Map: Blackpink LE

Players

sOs - Winner!

  • Race: Protoss Protoss
  • Spawn Location: 1:00

SpeCial

  • Race: Terran Terran
  • Spawn Location: 7:00

Event: IEM Season 12 - PyeongChang

VOD

Have the link to the VOD?

Description

Time

  • Played on: Feb. 6, 2018, 10:40 p.m.
  • Length: 10:16

All games in this series

Show
View Real Time Build Order
Export as new Build Order

sOs Protoss - Winner!

Build Orders: 1 Gate Expand, Archon Immortal, Zealot Archon, Colossus Rush 

Get SALT Encoding   

  12  0:00  Probe  
  13  0:12  Probe  
  14  0:18  Pylon  
  14  0:24  Probe  
  15  0:37  Probe (Chrono Boost)  
  15  0:39  Gateway  
  16  0:46  Probe (Chrono Boost)  
  16  0:49  Assimilator  
  17  0:53  Probe  
  18  1:05  Probe  
  19  1:17  Probe  
  20  1:27  Nexus  
  20  1:35  Cybernetics Core  
  20  1:37  Probe  
  21  1:44  Assimilator  
  21  1:49  Probe  
  21  1:54  Pylon  
  22  2:01  Probe  
  23  2:10  Adept (Chrono Boost)  
  23  2:11  Warp Gate  
  23  2:14  Probe  
  26  2:24  Robotics Facility  
  26  2:27  Probe  
  27  2:32  Adept  
  29  2:40  Probe (Chrono Boost)  
  29  2:43  Probe (Chrono Boost)  
  32  2:52  Probe (Chrono Boost)  
  32  2:56  Probe (Chrono Boost)  
  32  2:57  Probe (Chrono Boost)  
  34  3:04  Probe  
  35  3:07  Probe  
  35  3:12  Robotics Bay  
  36  3:15  Observer (Chrono Boost)  
  36  3:16  Probe  
  36  3:18  Gateway  
  36  3:19  Probe  
  39  3:24  Pylon  
  39  3:29  Warp Prism (Chrono Boost)  
  39  3:30  Probe  
  42  3:36  Assimilator  
  42  3:38  Probe  
  43  3:43  Probe, Assimilator  
  44  3:53  Probe  
  45  3:55  Colossus (Chrono Boost)  
  45  3:56  Probe  
  52  4:04  Pylon  
  52  4:06  Probe  
  52  4:08  Probe  
  52  4:09  Gravitic Drive  
  54  4:19  Pylon  
  54  4:22  Probe x2  
  54  4:23  Observer  
  56  4:29  Gateway  
  56  4:34  Sentry  
  56  4:35  Probe x2  
  60  4:39  Observer (Chrono Boost)  
  60  4:41  Forge  
  61  4:47  Observer  
  61  4:48  Probe  
  62  4:54  Colossus (Chrono Boost)  
  68  5:09  Stalker  
  68  5:13  Pylon  
  70  5:18  Protoss Ground Weapons Level 1 (Chrono Boost)  
  70  5:27  Observer  
  70  5:31  Extended Thermal Lance  
  69  5:36  Gateway  
  69  5:39  Gateway  
  69  5:41  Gateway  
  69  5:44  Twilight Council  
  69  5:47  Colossus (Chrono Boost)  
  75  5:51  Nexus  
  75  5:53  Pylon  
  75  5:54  Sentry  
  75  5:55  Probe  
  78  6:11  Probe  
  78  6:14  Pylon  
  78  6:15  Zealot x2  
  78  6:17  Pylon  
  83  6:21  Charge  
  83  6:23  Templar Archives  
  84  6:25  Probe x2  
  85  6:35  Immortal (Chrono Boost)  
  85  6:39  Zealot x2  
  93  6:40  Zealot x3  
  99  6:47  Stalker  
  99  6:54  Probe  
  102  6:59  Pylon  
  102  7:02  Probe  
  102  7:08  Zealot x2, High Templar x2  
  107  7:09  Zealot  
  107  7:12  Archon  
  107  7:13  Probe  
  114  7:20  Immortal (Chrono Boost)  
  114  7:22  Protoss Ground Armor Level 1 (Chrono Boost)  
  118  7:25  Pylon  
  116  7:32  Pylon  
  116  7:34  Probe x2  
  116  7:35  Probe  
  119  7:47  Stalker  
  119  7:49  Probe x2  
  119  7:50  Zealot x5  
  133  7:51  Pylon  
  133  7:53  Gateway  
  133  8:00  Immortal (Chrono Boost)  
  133  8:04  Pylon  
  133  8:05  Observer  
  137  8:17  Zealot x4, High Templar x2  
  149  8:21  Gateway  
  149  8:23  Archon  
  149  8:31  Pylon  
  149  8:32  Immortal (Chrono Boost)  
  153  8:38  Pylon  
  153  8:40  Pylon  
  151  8:44  Photon Cannon  
  151  8:52  Stalker x3  
  155  8:57  Stalker x2  
  155  9:02  Assimilator  
  159  9:05  Zealot x2  
  163  9:18  Immortal (Chrono Boost)  
  167  9:25  Pylon  
  167  9:30  Assimilator  
  167  9:35  Stalker x4  
  167  9:36  Zealot x2  
  178  9:46  Zealot x2  
  180  9:56  Zealot  
  180  9:57  Zealot  
  140  10:08  Zealot x3  
Show
View Real Time Build Order
Export as new Build Order

SpeCial Terran 

Build Orders: Reaper Expand, MMM Bio 

Get SALT Encoding   

  12  0:00  SCV  
  13  0:12  SCV  
  14  0:17  Supply Depot  
  14  0:24  SCV  
  15  0:39  SCV  
  15  0:40  Barracks  
  16  0:43  Refinery  
  16  0:51  SCV  
  17  1:03  SCV  
  18  1:15  SCV  
  19  1:28  Reaper  
  19  1:29  Orbital Command  
  20  1:47  Command Center  
  20  1:55  SCV  
  20  1:56  Supply Depot  
  20  1:59  Marine  
  22  2:09  SCV, Factory  
  23  2:18  Refinery  
  23  2:21  Barracks Reactor, SCV  
  24  2:33  SCV  
  24  2:36  Barracks  
  25  2:45  SCV  
  26  2:52  Hellion  
  26  2:53  Starport  
  26  2:57  SCV, Marine  
  26  2:58  Marine  
  30  3:06  Orbital Command  
  30  3:09  SCV  
  30  3:11  Orbital Command  
  31  3:15  Marine  
  31  3:16  Widow Mine  
  31  3:19  Marine  
  35  3:22  SCV  
  35  3:24  Barracks Tech Lab  
  36  3:34  SCV  
  36  3:37  SCV  
  40  3:41  Marine x2  
  41  3:59  SCV x2  
  41  4:02  Supply Depot  
  41  4:03  Marine x2  
  41  4:04  Raven  
  41  4:08  Factory Tech Lab  
  45  4:11  SCV  
  45  4:15  Supply Depot  
  46  4:23  SCV, Marine x3  
  46  4:24  Supply Depot, SCV  
  51  4:27  Siege Tank  
  54  4:31  Refinery  
  54  4:33  Engineering Bay  
  54  4:36  SCV x2  
  56  4:40  Supply Depot  
  56  4:47  Marine x2  
  56  4:48  SCV x2  
  58  5:00  SCV x2  
  58  5:02  Siege Tank  
  58  5:06  Starport Reactor  
  58  5:07  Missile Turret, Terran Infantry Weapons Level 1  
  63  5:08  Barracks  
  63  5:12  Marine x2  
  63  5:13  SCV, Stimpack  
  66  5:15  SCV  
  65  5:25  SCV  
  65  5:27  SCV  
  61  5:31  Marine x2  
  61  5:32  Marauder  
  65  5:37  Supply Depot, SCV  
  65  5:39  SCV  
  70  5:47  Viking x2  
  70  5:49  SCV  
  73  5:50  Supply Depot  
  73  5:53  SCV  
  73  5:56  Refinery  
  71  6:01  SCV  
  71  6:08  Marine x2  
  71  6:09  Marauder  
  71  6:10  Marauder  
  77  6:11  Command Center  
  77  6:12  SCV  
  77  6:13  SCV  
  77  6:17  Combat Shields  
  79  6:24  SCV  
  80  6:28  Medivac x2  
  80  6:29  Barracks  
  84  6:37  Marine x2  
  84  6:38  Marauder x2  
  90  6:40  SCV x2  
  90  6:45  Barracks  
  90  6:46  Supply Depot, Factory Reactor  
  92  6:53  SCV x2  
  94  7:01  Marine  
  94  7:07  Marine, Medivac x2, Marauder  
  101  7:10  SCV  
  101  7:14  Supply Depot, Terran Infantry Armor Level 1  
  102  7:23  SCV, Marauder  
  102  7:25  Marine x2  
  102  7:26  Barracks Tech Lab  
  102  7:27  Orbital Command  
  102  7:31  SCV  
  102  7:34  Bunker  
  102  7:35  SCV  
  102  7:40  Viking  
  102  7:41  Viking  
  102  7:42  Starport  
  106  7:45  Supply Depot, Marine x2  
  106  7:46  Marauder x3  
  106  7:47  Barracks Reactor  
  113  8:04  Supply Depot  
  113  8:08  Orbital Command  
  113  8:10  Viking  
  113  8:11  Viking  
  116  8:17  Marine x2, Marauder x2  
  116  8:18  Marauder  
  116  8:19  Viking x2  
  128  8:26  Supply Depot, SCV x2, Liberator  
  130  8:31  Marine  
  130  8:32  Marine  
  132  8:34  Marine  
  133  8:43  Refinery  
  133  8:44  Viking, SCV x2, Refinery  
  133  8:45  Supply Depot  
  133  8:47  Marauder  
  140  8:51  Marauder x2  
  140  8:55  Concussive Shells  
  141  8:58  SCV x2  
  141  8:59  Armory  
  141  9:00  Engineering Bay  
  143  9:08  SCV, Marauder  
  146  9:10  SCV x2  
  146  9:16  Marine x3  
  146  9:17  Marine  
  151  9:18  Marauder  
  151  9:20  SCV  
  151  9:23  Marauder  
  157  9:34  Supply Depot  
  157  9:35  Viking x3, SCV x2  
  164  9:47  Marine  
  165  9:54  Marauder x2  

Tags
 
Add a new tag
Caveats
  • Supply blocks, unpowered buildings, or Contaminate may cause inaccurate times.
  • Supply counts are checked every 10 seconds.